 Dungeon Crawl Stone Soup version 0.28.0-43-g3370ac3207 (webtiles) character file.

Game seed: 1186017341794148364

24387 Jenx the Severer (level 12, 0/111 HPs)
             Began as a Minotaur Berserker on Mar 8, 2022.
             Was a High Priest of Trog.
             Slain by Snorg (3 damage)
             ... on level 3 of the Lair of Beasts on Mar 9, 2022.
             The game lasted 00:36:21 (15989 turns).

Jenx the Severer (Minotaur Berserker)              Turns: 15989, Time: 00:36:22

Health: 0/111      AC: 19    Str: 23    XL:     12   Next: 80%
Magic:  11/11      EV:  7    Int:  8    God:    Trog [*****.]
Gold:   730        SH: 13    Dex: 18    Spells: 11/11 levels left

rFire   . . .      SeeInvis .   a - +0 war axe
rCold   . . .      Faith    .   D - +0 kite shield
rNeg    . . .      Spirit   .   o - +0 plate armour
rPois   +          Reflect  .   (helmet restricted)
rElec   .          Harm     .   i - +0 cloak {rPois}
rCorr   +          Rampage  .   (no gloves)
Will    ++...                   p - +0 pair of boots
Stlth   ..........              j - amulet of the acrobat
HPRegen 1.28/turn               c - +6 ring of dexterity
MPRegen 0.12/turn               d - ring of resist corrosion

@: strong-willed, regenerating
A: horns 2, retaliatory headbutt, clever 1, shaggy fur 1
a: Renounce Religion, Berserk, Trog's Hand, Brothers in Arms


You were on level 3 of the Lair of Beasts.
You worshipped Trog.
Trog was extremely pleased with you.
You visited 2 branches of the dungeon, and saw 14 of its levels.

You collected 730 gold pieces.

Inventory:

Hand Weapons
 a - a +0 war axe (weapon)
 b - a +2 flail of protection
Armour
 i - a +0 cloak of poison resistance (worn)
 o - a +0 plate armour (worn)
 p - a +0 pair of boots (worn)
 D - a +0 kite shield (worn)
Jewellery
 c - a +6 ring of dexterity (left hand)
 d - a ring of resist corrosion (right hand)
 g - a ring of fire
 j - an amulet of the acrobat (around neck)
Wands
 y - a wand of iceblast (18)
 z - a wand of flame (16) (quivered)
 B - a wand of paralysis (9)
Scrolls
 f - 10 scrolls of teleportation
 k - a scroll of magic mapping {unknown}
 m - 2 scrolls of fog {unknown}
 r - 2 scrolls of fear {unknown}
 s - a scroll of enchant weapon {unknown}
 t - a scroll of immolation {unknown}
 w - 4 scrolls of blinking {unknown}
 x - 3 scrolls of vulnerability {unknown}
 C - 2 scrolls of amnesia {unknown}
 I - a scroll of holy word {unknown}
 J - 3 scrolls of noise {unknown}
Potions
 e - a potion of magic
 h - a potion of curing
 l - 3 potions of haste
 q - a potion of berserk rage
 u - a potion of flight
 v - 2 potions of might
 E - 4 potions of lignification
 F - a potion of resistance {unknown}
Miscellaneous
 A - a tin of tremorstones (2/2)


   Skills:
 + Level 11.7 Fighting
 * Level 15.7 Axes
 + Level 11.3 Armour
 - Level 2.1 Dodging
 * Level 11.4 Shields
 + Level 6.3 Evocations


You had 11 spell levels left.
You didn't know any spells.
Your spell library was empty.

Dungeon Overview and Level Annotations

Branches:
Dungeon (11/15)            Temple (0/1) D:6            Lair (3/6) D:11
  Snake (0/4) Lair:2          Orc (0/2) D:10
  Swamp: Lair:2-4    Shoals: Lair:2-4

Altars:
Cheibriados
Dithmenos
Elyvilon
Fedhas
Gozag
Okawaru
Qazlal
Ru
Uskayaw
Xom
Yredelemnul
The Shining One

Shops:
D:8 [

Annotations:
D:4 2 transporters, RascalDebosk's ghost, amateur HOFi
D:8 1 runed translucent door
Lair:3 Snorg


Innate Abilities, Weirdness & Mutations

You have a pair of horns on your head.
You reflexively headbutt those who attack you in melee.
Your mind is acute. (Int +2)
You are covered in fur. (AC +1)


Message History

You slash Snorg! Your headbutt misses Snorg.
Snorg is severely wounded.
Snorg bites you. Snorg claws you. You block Snorg's attack. x2
Snorg claws you. Snorg barely misses you.
You closely miss Snorg. You headbutt Snorg!
Snorg is almost dead.
The electric eel shoots out a bolt of lightning at you!
The bolt of electricity hits you. Snorg bites you!
* * * LOW HITPOINT WARNING * * *
Snorg claws you but does no damage. Snorg claws you.
* * * LOW HITPOINT WARNING * * *
You feel much better. Snorg bites you. Snorg claws you!
Snorg claws you but does no damage.
You completely miss Snorg. You headbutt Snorg!
Snorg is almost dead.
You block Snorg's attack. x2; Snorg claws you but does no damage.
You block Snorg's attack. Snorg claws you!
* * * LOW HITPOINT WARNING * * *
Snorg claws you but does no damage.
You barely miss Snorg.
Snorg is almost dead.
You block Snorg's attack. Snorg barely misses you. You block Snorg's attack.
You hit Snorg.
Snorg is almost dead.
Snorg bites you!
* * * LOW HITPOINT WARNING * * *
You block Snorg's attack. x2
You feel much better. You block Snorg's attack. Snorg claws you!
* * * LOW HITPOINT WARNING * * *
Snorg completely misses you.
The electric eel shoots out a bolt of lightning at you!
The bolt of electricity hits you!
* * * LOW HITPOINT WARNING * * *
The bolt of electricity hits you!
* * * LOW HITPOINT WARNING * * *
You feel better. Snorg bites you!
* * * LOW HITPOINT WARNING * * *
You block Snorg's attack. x3; Snorg claws you but does no damage.
Snorg claws you.
You die...

#..## ##...≈≈≈≈≈≈P
#####.#.# ###P...P≈P≈P≈P
.......####.##...P≈≈≈≈P≈
.##.#.###...#....≈P≈≈≈≈≈
.#####.............≈≈≈≈≈
.# #.PP.........P≈≈≈≈≈
.# #.####.#....≈≈≈≈≈≈≈
.## #.# ####...≈≈P≈≈≈≈
..# ..# #..@S≈≈≈≈≈≈ .##
#..# #...T≈P≈≈≈P .# #..#
#.....≈.#.≈♣ ## #...
#.#...#....P# #
##..##.#...# #..# #..PP#
#..##..##. # P$..
###......... .... #
#....#.... #


You could see Snorg (berserk) and an electric eel.

Vanquished Creatures
  3 hydras
  A boulder beetle (D:11)
  3 two-headed ogres
  3 oklob plants (D:11)
  A cyclops (D:9)
  Maurice (D:10)
  3 elephants (Lair:3)
  4 black mambas
  7 cane toads
  4 rime drakes
  A kobold demonologist (D:10)
  2 komodo dragons (Lair:2)
  A gargoyle (D:11)
  Grinder (D:5)
  2 shadows
  24 yaks
  A vampire (D:10)
  A basilisk (Lair:2)
  Eustachio (D:6)
  2 steam dragons
  2 vampire mosquitoes (D:10)
  A warg (D:10)
  An acid dragon (D:10)
  15 water moccasins
  5 black bears
  A hornet zombie (D:8)
  2 sky beasts
  3 orc warriors
  2 necrophages
  An ice beast (D:6)
  2 ogres
  A wolf (Lair:2)
  2 centaurs (D:11)
  A kobold brigand (D:10)
  21 bullfrogs
  4 gnoll sergeants
  3 scorpions
  A water moccasin skeleton (D:7)
  5 killer bees (D:10)
  An electric eel (D:11)
  A bullfrog zombie (D:7)
  A howler monkey (D:8)
  3 centaur zombies
  6 hounds
  A jelly (D:8)
  5 orc priests
  2 centaur skeletons (D:5)
  2 gnoll shamans (D:8)
  Terence (D:2)
  Jessica (D:3)
  2 iguanas
  6 orc wizards
  A hound zombie (D:5)
  Robin (D:2)
  26 gnolls
  A howler monkey skeleton (D:4)
  5 adders
  A white imp (D:7)
  2 worms
  3 dart slugs
  19 orcs
  6 bats
  5 endoplasms
  2 giant cockroaches (D:2)
  16 goblins
  11 hobgoblins
  2 jackals (D:8)
  2 quokkas
  8 ball pythons
  7 frilled lizards
  A jackal skeleton (D:7)
  12 kobolds
  10 rats
312 creatures vanquished.

Vanquished Creatures (others)
  8 fungi
  13 plants
21 creatures vanquished.

Grand Total: 333 creatures vanquished

Notes
Turn   | Place    | Note
-------+----------+-------------------------------------------
     0 | D:1      | Jenx the Minotaur Berserker began the quest for the Orb.
     0 | D:1      | Reached XP level 1. HP: 19/19 MP: 0/0
   191 | D:1      | Reached skill level 4 in Axes
   203 | D:1      | Reached XP level 2. HP: 27/27 MP: 1/1
   813 | D:1      | Reached ** piety under Trog
   814 | D:1      | Reached XP level 3. HP: 28/33 MP: 2/2
  1312 | D:2      | Noticed Robin
  1333 | D:2      | Killed Robin
  1334 | D:2      | Reached XP level 4. HP: 24/40 MP: 3/3
  1336 | D:2      | Reached skill level 5 in Axes
  1775 | D:2      | Noticed Terence
  1789 | D:2      | Killed Terence
  2032 | D:3      | Noticed Jessica
  2036 | D:3      | Killed Jessica
  2037 | D:3      | Reached XP level 5. HP: 47/47 MP: 4/4
  2078 | D:3      | Found a faded altar of an unknown god.
  2086 | D:3      | Reached *** piety under Trog
  2187 | D:3      | Found a stormy altar of Qazlal.
  2235 | D:3      | Reached skill level 6 in Axes
  2265 | D:3      | Found a snail-covered altar of Cheibriados.
  2273 | D:3      | Found a white marble altar of Elyvilon.
  2275 | D:3      | Found an opulent altar of Gozag.
  2286 | D:3      | Found an iron altar of Okawaru.
  2292 | D:3      | Found a shimmering altar of Xom.
  2403 | D:3      | You fall into a shaft and drop 1 floor!
  2738 | D:4      | Reached skill level 5 in Fighting
  2762 | D:3      | Gained mutation: You are covered in fur. (AC +1) [potion of
                  | mutation]
  2762 | D:3      | Gained mutation: Your mind is acute. (Int +2) [potion of
                  | mutation]
  2771 | D:4      | Found a transporter.
  2774 | D:4      | Noticed RascalDebosk's ghost (amateur HOFi)
  3181 | D:4      | Found a shadowy altar of Dithmenos.
  3273 | D:4      | Found a transporter.
  3715 | D:5      | Entered Level 5 of the Dungeon
  3723 | D:5      | Noticed a sky beast
  3739 | D:5      | Killed a sky beast
  3740 | D:5      | Reached XP level 6. HP: 38/56 MP: 5/5
  3877 | D:5      | Noticed Grinder
  3884 | D:5      | Paralysed by Grinder for 7 turns
  3909 | D:5      | Killed Grinder
  3910 | D:5      | Reached skill level 7 in Axes
  3910 | D:5      | Reached skill level 5 in Armour
  3910 | D:5      | Reached XP level 7. HP: 43/62 MP: 6/6
  4278 | D:5      | Reached skill level 8 in Axes
  4794 | D:6      | Reached XP level 8. HP: 54/71 MP: 7/7
  4800 | D:6      | Reached skill level 9 in Axes
  4800 | D:6      | Noticed Eustachio
  4843 | D:6      | Killed Eustachio
  4961 | D:6      | Found a blossoming altar of Fedhas.
  5083 | D:6      | Found a staircase to the Ecumenical Temple.
  5415 | D:6      | Reached skill level 10 in Axes
  5745 | D:7      | Reached **** piety under Trog
  5954 | D:7      | Reached XP level 9. HP: 78/81 MP: 8/8
  6226 | D:7      | Found a runed translucent door.
  6230 | D:7      | Found a basalt altar of Yredelemnul.
  6531 | D:8      | Reached skill level 11 in Axes
  7113 | D:8      | Reached skill level 1 in Evocations
  7123 | D:8      | Reached skill level 1 in Shields
  7152 | D:8      | Found Otsixaly's Antique Armour Shoppe.
  7842 | D:8      | Noticed a tengu warrior
  7842 | D:8      | Noticed a purple ugly thing
  7842 | D:8      | Noticed a deep elf pyromancer
  7843 | D:8      | Found a runed translucent door.
  7845 | D:8      | Noticed a fire dragon
  7845 | D:8      | Noticed a six-headed hydra
  7845 | D:8      | Noticed a manticore
  7845 | D:8      | Noticed a catoblepas
  8103 | D:9      | Noticed a cyclops
  8112 | D:9      | Killed a cyclops
  8303 | D:9      | Reached skill level 12 in Axes
  8326 | D:9      | Noticed a two-headed ogre
  8337 | D:9      | Killed a two-headed ogre
  8338 | D:9      | Reached XP level 10. HP: 91/91 MP: 9/9
  8442 | D:9      | Identified the +1 scale mail of Liberalism {Rampage rElec
                  | Int-4 Stlth-}
  9133 | D:9      | Noticed a two-headed ogre
  9141 | D:9      | Killed a two-headed ogre
  9142 | D:9      | Reached skill level 5 in Shields
  9157 | D:9      | Found a glowing golden altar of the Shining One.
  9238 | D:10     | Entered Level 10 of the Dungeon
  9666 | D:10     | Noticed Maurice
  9724 | D:10     | Reached skill level 13 in Axes
  9743 | D:10     | Killed Maurice
  9832 | D:10     | Reached XP level 11. HP: 32/99 MP: 10/10
 10237 | D:10     | Reached skill level 10 in Fighting
 10386 | D:10     | Found a staircase to the Orcish Mines.
 10588 | D:10     | Found a sacrificial altar of Ru.
 10747 | D:10     | Noticed a two-headed ogre
 10756 | D:10     | Killed a two-headed ogre
 11301 | D:11     | Noticed an oklob plant
 11316 | D:11     | Noticed an oklob plant
 11338 | D:11     | Found a staircase to the Lair.
 11340 | D:11     | Noticed an oklob plant
 11362 | D:11     | Killed an oklob plant
 11448 | D:11     | Killed an oklob plant
 11481 | D:11     | Killed an oklob plant
 12271 | D:11     | Noticed a boulder beetle
 12294 | D:11     | Killed a boulder beetle
 12295 | D:11     | Reached skill level 14 in Axes
 12295 | D:11     | Reached skill level 10 in Armour
 12660 | Lair:1   | Entered Level 1 of the Lair of Beasts
 12847 | Lair:1   | Noticed a five-headed hydra
 12855 | Lair:1   | Killed a five-headed hydra
 13089 | Lair:1   | Noticed a six-headed hydra
 13099 | Lair:1   | Killed a six-headed hydra
 13100 | Lair:1   | Reached skill level 5 in Evocations
 13946 | Lair:2   | Reached XP level 12. HP: 77/108 MP: 11/11
 13946 | Lair:2   | Reached ***** piety under Trog
 13958 | Lair:2   | Found a hide-covered altar of Uskayaw.
 14349 | Lair:2   | Found a staircase to the Snake Pit.
 14378 | Lair:2   | Reached skill level 10 in Shields
 14483 | Lair:2   | Reached skill level 15 in Axes
 14943 | Lair:2   | Identified the +4 great sword of Quick Death {flame, *Slow
                  | rN+ Will+} (Trog gifted it to you on level 2 of the Lair of
                  | Beasts)
 14943 | Lair:2   | Received a gift from Trog
 15680 | Lair:3   | Noticed a seven-headed hydra
 15728 | Lair:3   | Killed a seven-headed hydra
 15969 | Lair:3   | Noticed Snorg
 15988 | Lair:3   | HP: 2/111 [electric eel/bolt of electricity (11)]
 15989 | Lair:3   | Slain by Snorg

Illustrated notes

Levels and vault maps discovered:
D:1:      dpeg_arrival_leaves_temple_mockup, layout_loops_ring
D:2:      layout_loops_cross, minmay_distorted, uniq_terence, uniq_robin
D:3:      layout_loops_cross, mainiacjoe_overflow_surrounded_room,
          nicolae_overflow_hallway_of_the_gods, basic_ecumenical_altar,
          uniq_jessica
D:4:      layout_basic, nicolae_overflow_crystal_walls,
          gammafunk_ghost_stat_death
D:5:      layout_gridville, uniq_grinder
D:6:      layout_loops_ring, mainiacjoe_overflow_24_doors,
          minmay_temple_entry_butterflies, uniq_eustachio
D:7:      layout_loops_ring, dk_yredelemnul_ordeal
D:8:      minmay_gate_of_8, layout_cave_pools, serial_gnoll_camp,
          gnoll_camp_mini_loothouse, gnoll_camp_mini_basic,
          gnoll_camp_mini_shop, gnoll_camp_mini_house, gnoll_camp_medium_01
D:9:      layout_basic, nicolae_tso_carved_into_rock
D:10:     layout_basic, kennysheep_little_box, david_orc_3, uniq_maurice
D:11:     layout_gridville, dpeg_oklobed_lair, nicolae_water_bricks
Lair:1:   layout_regular_city
Lair:2:   layout_regular_city, minmay_snake_entry_six_corridors, basic_altar,
          serial_rivers, chequers_serial_rivers_micro_c,
          chequers_serial_rivers_large_b, chequers_serial_rivers_micro_a,
          chequers_serial_rivers_micro_d, beast_lair_carwin_7
Lair:3:   layout_loops_ring, serial_bayou_shore_a, uniq_snorg

Skill      XL: |  1  2  3  4  5  6  7  8  9 10 11 12 |
---------------+-------------------------------------+-----
Axes           | 4 5 6 7 8 10 12 13 14 15 | 15.7
Fighting       | 4 5 6 7 9 10 11 | 11.7
Armour         | 3 4 5 6 7 8 9 10 11 | 11.3
Evocations     | 2 3 5 6 |  6.3
Shields        | 4 7 9 11 | 11.4
Dodging        | |  2.1

Action                   |  1- 3 |  4- 6 |  7- 9 | 10-12 || total
-------------------------+-------+-------+-------+-------++-------
Melee: Hand axe          |    88 |   124 |   318 |   313 ||   843
       Headbutt          |    10 |    26 |    74 |   183 ||   293
       Punch             |       |       |     1 |       ||     1
       War axe           |       |       |       |   392 ||   392
       Flail             |       |       |       |    28 ||    28
Throw: Javelin           |     4 |       |    33 |     9 ||    46
Invok: Trog's Hand       |       |     3 |     3 |     8 ||    14
       Berserk           |       |       |       |     1 ||     1
Evoke: Wand              |       |       |     3 |    10 ||    13
  Use: Scroll            |       |     4 |     3 |     5 ||    12
       Potion            |       |     1 |       |     6 ||     7
 Stab: Paralysed         |       |       |    14 |     6 ||    20
Armor: Animal skin       |     5 |       |       |       ||     5
       Ring mail         |    27 |     7 |       |       ||    34
       Scale mail        |       |    50 |    44 |       ||    94
       Chain mail        |       |       |    71 |    77 ||   148
       Plate armour      |       |       |       |   219 ||   219
Dodge: Dodged            |    51 |    62 |   147 |   190 ||   450
Block: Buckler           |       |       |    32 |       ||    32
       Kite shield       |       |       |       |   391 ||   391
